 Dungeon Crawl Stone Soup version 0.24.1-4-ge52af88ad5 (webtiles) character file.

Game seed: 14788714355367054253, levelgen mode: deterministic

7735 lepoulpe303 the Cleaver (level 11, -7/87 HPs)
             Began as a Formicid Fighter on Apr 17, 2020.
             Was an Elder of Okawaru.
             Mangled by an orc knight
             ... wielding a +0 glaive
              (32 damage)
             ... in a bailey.
             The game lasted 00:36:04 (9101 turns).

lepoulpe303 the Cleaver (Formicid Fighter)          Turns: 9101, Time: 00:36:04

Health: -7/87      AC: 14    Str: 22    XL:     11   Next: 42%
Magic:  17/17      EV: 10    Int:  9    God:    Okawaru [****..]
Gold:   496        SH: 12    Dex: 11    Spells: 10/10 levels left

rFire    + . .     SeeInvis +   t - +0 war axe (vamp) {!w}
rCold    + . .     Gourm    .   c - +1 shield
rNeg     . . .     Faith    .   y - +0 chain mail
rPois    .         Spirit   .   (helmet unavailable)
rElec    .         Reflect  .   q - +0 cloak
rCorr    .         Harm     .   (no gloves)
MR       +....                  (no boots)
Stlth    ..........             (no amulet)
HPRegen  0.64/turn              u - +2 ring of evasion
MPRegen  0.15/turn              (no ring)

@: no status effects
A: permanent stasis, dig shafts and tunnels, four strong arms, antennae 3,
talons 1, icy blue scales 1, cold resistance 1, fire resistance 1, regeneration
1
a: Dig, Shaft Self, Heroism, Renounce Religion


You were in a bailey.
You worshipped Okawaru.
Okawaru was greatly pleased with you.
You were not hungry.

You visited 2 branches of the dungeon, and saw 11 of its levels.
You also visited: Bailey.

You collected 496 gold pieces.

Inventory:

Hand Weapons
 a - a +0 war axe
 t - a +0 vampiric war axe (weapon) {!w}
Missiles
 j - 36 poisoned darts (quivered)
 C - 6 atropa-tipped darts
 S - 12 boomerangs
Armour
 b - a +0 scale mail
 c - a +1 shield (worn)
 h - a +0 large shield
 q - a +0 cloak (worn)
 y - a +0 chain mail (worn)
 G - a +2 scale mail of poison resistance {rPois}
Jewellery
 u - a +2 ring of evasion (left hand)
 z - a +5 ring of evasion
 J - an uncursed ring of stealth {unknown}
 M - a cursed ring of fire {unknown}
Wands
 r - a wand of acid (7)
 A - a wand of clouds (2)
 D - a wand of random effects (15)
 I - a wand of flame (18)
 L - a wand of iceblast (10)
 O - a wand of polymorph (12)
 Q - a wand of disintegration (16)
Scrolls
 i - 3 scrolls of identify
 k - a scroll of amnesia {unknown}
 m - 2 scrolls of immolation {unknown}
 p - 3 scrolls of noise {!r}
 w - 2 scrolls of remove curse
 E - a scroll of magic mapping {unknown}
 F - 4 scrolls of enchant armour
 H - 2 scrolls of fog {unknown}
 K - 2 scrolls of random uselessness {unknown}
 P - a scroll of holy word {unknown}
 R - a scroll of silence {unknown}
Potions
 d - 3 potions of might
 f - a potion of brilliance {unknown}
 g - 6 potions of flight
 l - 4 potions of heal wounds
 n - a potion of haste {unknown}
 o - 2 potions of agility {unknown}
 s - 3 potions of mutation {!q}
 v - 4 potions of curing
 x - 4 potions of invisibility {unknown}
 B - 3 potions of resistance {unknown}
Comestibles
 e - 25 rations
 N - 13 chunks of flesh


   Skills:
 + Level 8.3 Fighting
 * Level 10.0 Axes
 + Level 8.2 Armour
 + Level 9.0 Shields
 * Level 8.6 Invocations


You had 10 spell levels left.
You didn't know any spells.
Your spell library contained the following spells:

 Spells                   Type           Power        Failure   Level  Hunger
 Beastly Appendage        Tmut           #.....       95%         1    ##.....
 Sticks to Snakes         Tmut           #.......     99%         2    ###....
 Spider Form              Tmut/Pois      #.........   100%        3    ####...
 Ice Form                 Ice/Tmut       #.......     100%        4    #####..
 Blade Hands              Tmut           #.........   100%        5    ######.


Dungeon Overview and Level Annotations

Branches:
Dungeon (10/15)            Temple (1/1) D:6          Bailey (1/1)
   Lair: D:8-11         Orc: D:9-12

Altars:
Ashenzari
Cheibriados
Dithmenos
Elyvilon
Fedhas
Gozag
Hepliaklqana
Kikubaaqudgha
Makhleb
Nemelex Xobeh
Okawaru
Qazlal
Ru
Sif Muna
Trog
Uskayaw
Vehumet
Wu Jian
Xom
Yredelemnul
Zin
The Shining One

Shops:
D:9 (


Innate Abilities, Weirdness & Mutations

You cannot be hasted, slowed, berserked, paralysed or teleported.
You can dig through walls and to a lower floor.
Your four strong arms can wield two-handed weapons with a shield.
You have a pair of large antennae on your head. (SInv)
You have sharp toenails.
You are partially covered in icy blue scales. (AC +2)
Your flesh is cold resistant. (rC+)
Your flesh is heat resistant. (rF+)
Your natural rate of healing is unusually fast.


Message History

The orc warrior is engulfed in blazing flames.
The orc knight roars a battlecry!
The orc knights go into a battle-frenzy!
The orc dissolves into shadows!
The orc knight is engulfed in blazing flames. x2
The orc warrior is engulfed in blazing flames.
The orc warrior drinks a potion.
The orc warrior is healed!
The orc warrior no longer looks unusually strong.
The orc knight is engulfed in blazing flames.
The orc warrior is engulfed in blazing flames.
The orc warrior drinks a potion.
The orc warrior is healed!
The orc knight is engulfed in blazing flames.
Things that are here:
a +0 spear; a +0 ring mail; an orc skeleton You block the orc knight's attack.
The orc knight is engulfed in blazing flames.
The orc knight hits you from afar with a +0 glaive!!
You die...

# ####### ############
#########.....## ##........∩.#
.#.....#...§...######....).......
.')....'...§§§o#...)#)...........
.'.....'...§o§§o@)))).....).....∩
.'.....'...oo§.#...)#)...).).....
)#.....#...§...######......).....
#########.....## ##...)))..∩.# #
####### ############


You could see 4 orc knights and an orc warrior.

Levels and vault maps discovered:
D:1:      lemuel_arrival_muddy, layout_rooms, hangedman_feature_mirror,
          chequers_jeans
D:2:      layout_loops_ring, nemelex_xobeh_ov_fountains_minmay
D:3:      layout_rooms, serial_co_window_serial, co_window_corner_a,
          co_window_of_opportunity_a, co_window_paths_b,
          co_window_of_opportunity_a, co_window_of_opportunity_a,
          co_window_corner_cb, co_window_broadway_c, co_window_broadway_c
D:4:      layout_basic, elyvilon_altar_5, bloody_trog,
          nemelex_lonely_heart_becter
D:5:      gammafunk_wand_slinger, layout_cave_pods, first_ration,
          gammafunk_ghost_hive, chequers_big_river
D:6:      layout_basic, eat_drink_and_be_merry_uskayaw, marbit_many_paths,
          temple_green, uniq_eustachio
D:7:      layout_cave_pools, lemuel_round_altar
D:8:      layout_rooms, kennysheep_little_box, vehumet_altar_wand_db,
          basic_altar, eino_tiny_chamber, grunt_pizzeria
D:9:      layout_roguey [special_room_bee], serial_corexii_hall,
          chequers_hall_statues_y, corexii_hall_statues_i, serial_shops, shop,
          basic_altar
D:10:     layout_cave_pods, enter_bailey_3, basic_altar, uniq_erolcha,
          uniq_josephine
Temple:   zaba_magenta_temple
Bailey:   bailey_polearm_5, bailey

Notes
Turn   | Place    | Note
-------+----------+-------------------------------------------
     0 | D:1      | lepoulpe303 the Formicid Fighter began the quest for the
                  | Orb.
     0 | D:1      | Reached XP level 1. HP: 18/18 MP: 1/1
    45 | D:1      | Identified a +0 club
    56 | D:1      | Reached XP level 2. HP: 16/24 MP: 2/2
   103 | D:1      | Identified a +0 club
   106 | D:1      | Identified a +0 club
   106 | D:1      | Identified a +0 club
   270 | D:1      | Identified a +0 club
   271 | D:1      | Identified a +0 club
   278 | D:1      | Reached XP level 3. HP: 27/29 MP: 3/3
   327 | D:1      | Identified a +0 club
   329 | D:1      | Identified a +0 club
   337 | D:1      | Reached skill level 4 in Shields
   387 | D:1      | Identified a +0 club
   471 | D:1      | Identified a +0 club
   646 | D:2      | Reached XP level 4. HP: 37/37 MP: 4/4
   682 | D:2      | Reached skill level 3 in Axes
   697 | D:2      | Found a sparkling altar of Nemelex Xobeh.
   736 | D:2      | lepoulpe303: !whichgod fofi
   736 | D:2      | meem: 436 recent wins for fofi: 118x Okawaru, 100x The
                  | Shining One, 47x Gozag, 34x Zin, 29x Qazlal, 18x
                  | Cheibriados, 14x Ru, 13x Uskayaw, 9x Nemelex Xobeh, 9x
                  | Makhleb, 9x Wu Jian, 8x Hepliaklqana, 6x Fedhas, 5x
                  | Yredelemnul, 3x Lugonu, 2x Dithmenos, 2x Ashenzari, 2x, 2x
                  | Kikubaaqudgha, 2x Elyvilon, Trog, Sif Muna, Vehumet, Jiyva
   756 | D:2      | Identified a +0 dagger
  1268 | D:3      | Identified a +0 whip
  1270 | D:3      | Identified a +0 falchion
  1272 | D:3      | Identified a cursed +0 hand axe
  1272 | D:3      | Identified a +0 dagger
  1272 | D:3      | Identified a +0 leather armour
  1272 | D:3      | Identified a +0 club
  1310 | D:3      | Reached skill level 4 in Fighting
  1310 | D:3      | Reached XP level 5. HP: 42/42 MP: 5/5
  1454 | D:3      | Identified a +0 club
  1455 | D:3      | Reached skill level 4 in Armour
  1779 | D:3      | Identified a +0 hand axe
  1840 | D:3      | Identified a +0 club
  2053 | D:3      | Identified a +0 dagger
  2076 | D:3      | Identified a +0 robe
  2076 | D:3      | Identified an uncursed amulet of the gourmand
  2211 | D:4      | Found a bloodstained altar of Trog.
  2240 | D:4      | Identified a +0 dagger
  2314 | D:4      | Identified a cursed -3 war axe (You found it on level 4 of
                  | the Dungeon)
  2315 | D:4      | Identified 2 scrolls of teleportation
  2316 | D:4      | Identified a scroll of enchant armour
  2317 | D:4      | Identified a scroll of remove curse
  2319 | D:4      | Identified a +0 war axe
  2342 | D:4      | Identified a +0 giant club
  2342 | D:4      | Noticed an ogre
  2355 | D:4      | HP: 1/42 [ogre/+0 giant club (14)]
  2356 | D:4      | Killed an ogre
  2356 | D:4      | Reached skill level 4 in Axes
  2356 | D:4      | Reached XP level 6. HP: 1/49 MP: 6/6
  2729 | D:4      | Found a white marble altar of Elyvilon.
  2733 | D:4      | Identified a +0 dagger
  2733 | D:4      | Identified a +0 robe
  2734 | D:4      | Identified a cursed +0 dagger
  2734 | D:4      | Identified a +0 robe
  2735 | D:4      | Identified a +0 club
  2736 | D:4      | Identified a +0 ring mail
  2737 | D:4      | Identified a +0 dagger
  2737 | D:4      | Identified a +0 robe
  2898 | D:4      | Reached skill level 5 in Shields
  2898 | D:4      | Reached XP level 7. HP: 44/55 MP: 7/7
  2928 | D:4      | Found a sparkling altar of Nemelex Xobeh.
  3011 | D:5      | Entered Level 5 of the Dungeon
  3019 | D:5      | Identified a +0 cloak (You found it on level 5 of the
                  | Dungeon)
  3023 | D:5      | Identified 2 scrolls of noise
  3081 | D:5      | Identified a +0 chain mail (You found it on level 5 of the
                  | Dungeon)
  3305 | D:5      | Identified a +2 dagger of draining
  3305 | D:5      | Identified a +0 robe
  3305 | D:5      | Identified a +0 leather armour
  3306 | D:5      | Identified a +0 club
  3306 | D:5      | Identified a +0 leather armour
  3306 | D:5      | Identified a +0 mace
  3333 | D:5      | Found a transporter.
  3342 | D:5      | Identified a +0 leather armour
  3387 | D:5      | Identified a +0 trident
  3393 | D:5      | Found a transporter.
  3423 | D:5      | Reached skill level 5 in Axes
  3424 | D:5      | Reached skill level 5 in Fighting
  3456 | D:5      | Noticed laxxamousse2's ghost (novice OpTm)
  3495 | D:5      | Found a transporter.
  3499 | D:5      | Found a transporter.
  3534 | D:5      | Reached skill level 5 in Armour
  4071 | D:5      | Identified a ring of evasion (You found it on level 5 of
                  | the Dungeon)
  4072 | D:5      | Identified a ring of strength (You found it on level 5 of
                  | the Dungeon)
  4134 | D:5      | Identified 2 scrolls of blinking
  4135 | D:5      | Identified 2 scrolls of identify
  4135 | D:5      | Identified 3 potions of mutation
  4234 | D:6      | Reached XP level 8. HP: 18/62 MP: 8/8
  4739 | D:6      | Identified a +0 rapier
  4739 | D:6      | Identified a +0 leather armour
  4739 | D:6      | Noticed Eustachio
  4743 | D:6      | Identified a +0 hand axe
  4763 | D:6      | Identified a +0 ring mail
  4767 | D:6      | Killed Eustachio
  4767 | D:6      | Reached skill level 6 in Axes
  4767 | D:6      | Reached skill level 6 in Shields
  4768 | D:6      | Identified a +0 dagger
  4768 | D:6      | Identified a +0 robe
  4768 | D:6      | Identified a +0 club
  4825 | D:6      | Found a hide-covered altar of Uskayaw.
  5059 | D:6      | Found a staircase to the Ecumenical Temple.
  5066 | Temple   | Entered the Ecumenical Temple
  5134 | Temple   | Became a worshipper of Warmaster Okawaru
  5184 | D:6      | Found a glowing golden altar of the Shining One.
  5268 | D:6      | Reached skill level 6 in Fighting
  5281 | D:6      | Identified a +0 leather armour
  5303 | D:6      | Identified a +0 vampiric war axe (You found it on level 5
                  | of the Dungeon)
  5353 | D:7      | Reached skill level 1 in Invocations
  5380 | D:7      | Reached skill level 6 in Armour
  5380 | D:7      | Reached XP level 9. HP: 69/69 MP: 9/9
  5450 | D:7      | Found an ornate altar of the Wu Jian Council.
  5458 | D:7      | Identified a +0 giant club
  5504 | D:7      | Identified a +0 giant spiked club
  5524 | D:7      | Reached skill level 7 in Axes
  5524 | D:7      | Reached skill level 2 in Invocations
  5548 | D:7      | Noticed a hippogriff
  5566 | D:7      | Killed a hippogriff
  5566 | D:7      | Reached skill level 3 in Invocations
  5704 | D:7      | Identified a cursed -1 great sword
  5704 | D:7      | Identified a +0 robe
  5704 | D:7      | Identified a cursed +1 scimitar
  5704 | D:7      | Identified a +0 robe
  5714 | D:7      | Reached * piety under Okawaru
  5717 | D:7      | Reached skill level 7 in Shields
  5724 | D:7      | Identified a +5 morningstar of freezing
  5724 | D:7      | Identified a +0 robe
  5726 | D:7      | Identified a +4 mace
  5726 | D:7      | Identified a +0 robe
  5739 | D:7      | Identified a +4 short sword of freezing
  5739 | D:7      | Identified a +0 robe
  6155 | D:8      | Identified a +0 whip
  6155 | D:8      | Identified a +0 leather armour
  6157 | D:8      | Identified a +0 dagger
  6157 | D:8      | Identified a +0 robe
  6170 | D:8      | Found a radiant altar of Vehumet.
  6211 | D:8      | Found a shimmering altar of Xom.
  6292 | D:8      | Reached skill level 4 in Invocations
  6341 | D:8      | Identified a +2 scale mail of poison resistance (You found
                  | it on level 7 of the Dungeon)
  6388 | D:8      | Identified 5 potions of flight
  6389 | D:8      | Identified 3 potions of heal wounds
  6390 | D:8      | Gained mutation: Scrolls take you a little longer to read.
                  | [potion of mutation]
  6390 | D:8      | Gained mutation: You occasionally shout uncontrollably at
                  | your foes. [potion of mutation]
  6390 | D:8      | Gained mutation: Your flesh is cold resistant. (rC+)
                  | [potion of mutation]
  6391 | D:8      | Lost mutation: You occasionally shout uncontrollably at
                  | your foes. [potion of mutation]
  6391 | D:8      | Lost mutation: Scrolls take you a little longer to read.
                  | [potion of mutation]
  6391 | D:8      | Gained mutation: You are partially covered in icy blue
                  | scales. (AC +2) [potion of mutation]
  6391 | D:8      | Gained mutation: Your natural rate of healing is unusually
                  | fast. [potion of mutation]
  6391 | D:8      | Gained mutation: Your flesh is heat resistant. (rF+)
                  | [potion of mutation]
  6391 | D:8      | Gained mutation: You have sharp toenails. [potion of
                  | mutation]
  6539 | D:5      | Killed laxxamousse2's ghost
  6543 | D:5      | Reached skill level 8 in Axes
  6552 | D:5      | Reached ** piety under Okawaru
  6566 | D:5      | Reached skill level 5 in Invocations
  6566 | D:5      | Reached XP level 10. HP: 49/77 MP: 13/13
  6758 | D:8      | Found an opulent altar of Gozag.
  6820 | D:8      | Identified a +0 dagger
  6960 | D:9      | Identified a +0 short sword
  6960 | D:9      | Identified a +0 ring mail
  6960 | D:9      | Identified a +1 dagger of speed
  6960 | D:9      | Identified a +0 dagger
  6960 | D:9      | Identified a +0 robe
  6960 | D:9      | Identified a +0 leather armour
  6960 | D:9      | Identified a +0 club
  6960 | D:9      | Identified a +3 leather armour
  6960 | D:9      | Identified a +0 war axe
  6960 | D:9      | Identified a +0 ring mail
  6960 | D:9      | Identified a +0 club
  6960 | D:9      | Identified a +0 club
  6960 | D:9      | Identified a +0 hand crossbow
  6960 | D:9      | Identified a +0 dagger
  6964 | D:9      | Identified a +0 whip
  6964 | D:9      | Identified a +0 hand crossbow
  6964 | D:9      | Identified a +0 club
  6966 | D:9      | Reached skill level 7 in Fighting
  7033 | D:9      | Identified a +0 giant club
  7043 | D:9      | HP: 11/79 [ogre/+0 giant club (13)]
  7044 | D:9      | HP: 3/79 [ogre/+0 giant club (11)]
  7180 | D:9      | Reached skill level 7 in Armour
  7243 | D:9      | Reached skill level 6 in Invocations
  7286 | D:9      | Reached skill level 8 in Shields
  7373 | D:9      | Reached *** piety under Okawaru
  7453 | D:9      | Reached skill level 9 in Axes
  7516 | D:9      | Identified a +0 shortbow
  7527 | D:9      | Reached skill level 7 in Invocations
  7587 | D:9      | Identified a +0 dagger
  7608 | D:9      | Identified a +0 short sword
  7609 | D:9      | Identified a +0 club
  7611 | D:9      | Identified a +1 short sword of speed
  7657 | D:9      | Found a radiant altar of Vehumet.
  7664 | D:9      | Identified a +0 dagger
  7664 | D:9      | Identified a cursed -1 robe
  7665 | D:9      | Identified a +0 dagger
  7665 | D:9      | Identified a +0 robe
  7670 | D:9      | Identified a +0 mace
  7670 | D:9      | Identified a +0 ring mail
  7672 | D:9      | Identified a +0 hand axe
  7672 | D:9      | Identified a +0 arbalest
  7672 | D:9      | Identified a cursed +0 leather armour
  7727 | D:9      | Identified a cursed +0 short sword
  7731 | D:9      | Identified a +0 whip
  7739 | D:9      | Identified a +0 short sword
  7742 | D:9      | Identified a +0 whip
  7781 | D:9      | Identified a +0 shortbow
  7810 | D:9      | Identified a cursed +0 dagger
  7810 | D:9      | Identified a +0 short sword
  8041 | D:9      | Found Niclud's Antique Weapon Shop.
  8228 | D:10     | Entered Level 10 of the Dungeon
  8232 | D:10     | Found a shimmering blue altar of Sif Muna.
  8253 | D:10     | Identified a +0 shortbow
  8253 | D:10     | Identified a +0 dagger
  8262 | D:10     | Identified a +0 dagger
  8262 | D:10     | Identified a +0 short sword
  8265 | D:10     | Identified a +0 whip
  8268 | D:10     | Reached XP level 11. HP: 84/86 MP: 16/16
  8292 | D:10     | Identified a cursed -3 hand axe
  8292 | D:10     | Identified a +0 ring mail
  8346 | D:10     | Reached **** piety under Okawaru
  8408 | D:10     | Reached skill level 8 in Fighting
  8587 | D:10     | Identified a +0 large shield
  8588 | D:10     | Identified a +0 whip
  8710 | D:10     | Identified a +0 hand axe
  8711 | D:10     | Identified a +0 flail
  8711 | D:10     | Identified a +0 chain mail
  8712 | D:10     | Identified a +0 halberd
  8712 | D:10     | Identified a +0 chain mail
  8713 | D:10     | Identified a +0 war axe
  8713 | D:10     | Identified a cursed -2 leather armour
  8718 | D:10     | Received a gift from Okawaru
  8726 | D:10     | Reached skill level 8 in Invocations
  8730 | D:10     | Identified a +0 giant club
  8730 | D:10     | Identified a +0 robe
  8730 | D:10     | Noticed Erolcha
  8743 | D:10     | Killed Erolcha
  8743 | D:10     | Reached skill level 8 in Armour
  8770 | D:10     | Identified a +0 spear
  8770 | D:10     | Identified a +0 spear
  8770 | D:10     | Identified a cursed +0 spear
  8771 | D:10     | Found a flagged portal.
  8771 | D:10     | Identified a +0 spear
  8775 | D:10     | Reached skill level 9 in Shields
  8779 | Bailey   | Entered a bailey
  8796 | Bailey   | Identified a +0 hand axe
  8796 | Bailey   | Identified a cursed -2 halberd
  8796 | Bailey   | Identified a +0 hand axe
  8796 | Bailey   | Identified a +0 hand axe
  8796 | Bailey   | Identified a +0 war axe
  8796 | Bailey   | Identified a +0 hand axe
  8796 | Bailey   | Identified a +0 hand axe
  8796 | Bailey   | Identified a +0 halberd
  8796 | Bailey   | Identified a cursed +0 ring mail
  8796 | Bailey   | Identified a +0 spear
  8796 | Bailey   | Identified a cursed +0 chain mail
  8796 | Bailey   | Identified a +0 spear
  8796 | Bailey   | Identified a +0 scale mail
  8796 | Bailey   | Identified a +0 spear
  8796 | Bailey   | Identified a +0 scale mail
  8797 | Bailey   | Identified a +0 glaive
  8797 | Bailey   | Identified a +0 ring mail
  8965 | Bailey   | Identified a +0 halberd
  8965 | Bailey   | Identified a +0 war axe
  8965 | Bailey   | Identified a +0 trident
  8965 | Bailey   | Identified a +0 halberd
  8965 | Bailey   | Identified a +0 hand axe
  8965 | Bailey   | Identified a +0 war axe
  8965 | Bailey   | Identified a +0 trident
  8966 | Bailey   | Identified a +0 trident
  8966 | Bailey   | Identified a cursed +0 scale mail
  8966 | Bailey   | Identified a +0 spear
  8966 | Bailey   | Identified a +0 chain mail
  8985 | Bailey   | Identified a +0 spear
  8985 | Bailey   | Identified a +0 ring mail
  9005 | Bailey   | Identified a +0 spear
  9005 | Bailey   | Identified a +0 chain mail
  9006 | Bailey   | Identified a +0 halberd
  9006 | Bailey   | Identified a +0 ring mail
  9051 | Bailey   | Identified a +0 hand axe
  9058 | Bailey   | Reached skill level 10 in Axes
  9059 | Bailey   | Identified a +0 hand axe
  9059 | Bailey   | Identified a +0 halberd
  9059 | Bailey   | Identified a +0 halberd
  9059 | Bailey   | Identified a +0 hand axe
  9059 | Bailey   | Identified a +0 hand axe
  9059 | Bailey   | Identified a +0 hand axe
  9059 | Bailey   | Identified a +0 trident
  9059 | Bailey   | Identified a +0 scale mail
  9059 | Bailey   | Identified a +0 bardiche
  9059 | Bailey   | Identified a +0 plate armour
  9060 | Bailey   | Identified a +0 glaive
  9060 | Bailey   | Identified a +0 ring mail
  9060 | Bailey   | Noticed an orc knight
  9060 | Bailey   | Identified a +0 glaive
  9060 | Bailey   | Identified a +0 scale mail
  9060 | Bailey   | Noticed an orc knight
  9063 | Bailey   | Identified a +0 glaive
  9063 | Bailey   | Identified a +0 plate armour
  9063 | Bailey   | Noticed an orc knight
  9066 | Bailey   | Identified a +0 halberd
  9066 | Bailey   | Identified a +0 scale mail
  9070 | Bailey   | Identified a +0 dagger
  9070 | Bailey   | Identified a +2 scale mail of positive energy
  9070 | Bailey   | Identified a +0 flail
  9070 | Bailey   | Identified a +0 flail
  9070 | Bailey   | Identified a +0 ring mail
  9070 | Bailey   | Identified a +0 dagger
  9070 | Bailey   | Identified a +0 leather armour
  9070 | Bailey   | Identified a +0 whip
  9070 | Bailey   | Identified a +0 leather armour
  9070 | Bailey   | Identified a +0 leather armour
  9070 | Bailey   | Identified a +0 mace
  9075 | Bailey   | Identified a +0 halberd
  9075 | Bailey   | Identified a +0 plate armour
  9075 | Bailey   | Noticed an orc knight
  9083 | Bailey   | Identified a +0 glaive
  9083 | Bailey   | Identified a +0 scale mail
  9083 | Bailey   | Noticed an orc knight
  9083 | Bailey   | HP: 10/87 [orc warrior/+0 trident (24)]
  9101 | Bailey   | Mangled by an orc knight

Table legend:
 A = Turns spent in this place as a percentage of turns spent in the entire game.
 B = Non-inter-level travel turns spent in this place as a percentage of non-inter-level travel turns spent in the entire game.
 C = Inter-level travel turns spent in this place as a percentage of turns spent in this place.
 D = Turns resting spent in this place as a percentage of non-inter-level travel turns spent in this place.
 E = Turns spent auto-exploring this place as a percentage of non-inter-level travel turns spent in this place.
 F = Non-inter-level travel turns spent in this place divided by the number of levels of this place that you've seen.
                   A       B       C       D       E      F
               +-------+-------+-------+-------+-------+----------------------
         Total | 100.0 | 100.0 |   6.2 |  17.7 |  52.1 | 711.6
       Dungeon |  95.5 |  95.3 |   6.5 |  17.2 |  53.2 | 813.4
        Temple |   0.9 |   1.0 |   0.0 |   0.0 |  69.9 |  83.0
        Bailey |   3.5 |   3.8 |   0.0 |  35.1 |  19.6 | 322.0
               +-------+-------+-------+-------+-------+----------------------

Table legend:
 A = Kills in this place as a percentage of kills in entire the game.
 B = Kills by you in this place as a percentage of kills by you in the entire game.
 C = Kills by friends in this place as a percentage of kills by friends in the entire game.
 D = Other kills in this place as a percentage of other kills in the entire game.
 E = Experience gained in this place as a percentage of experience gained in the entire game.
 F = Experience gained in this place divided by the number of levels of this place that you have seen.
                   A       B       C       D       E      F
               +-------+-------+-------+-------+-------+----------------------
         Total | 100.0 | 100.0 |   N/A | 100.0 | 100.0 | 920.8
       Dungeon |  88.9 |  90.1 |   N/A |   0.0 |  93.6 | 1034.1
        Bailey |  11.1 |   9.9 |   N/A | 100.0 |   6.4 | 709.0
               +-------+-------+-------+-------+-------+----------------------

Skill      XL: |  1  2  3  4  5  6  7  8  9 10 11 |
---------------+----------------------------------+-----
Shields        | 4 5 6 7 8 9 |  9.0
Axes           | 3 4 5 6 8 9 10 | 10.0
Fighting       | 4 5 6 7 8 |  8.3
Armour         | 4 5 6 7 8 |  8.2
Invocations    | 1 5 7 8 |  8.6

Action                   |  1- 3 |  4- 6 |  7- 9 | 10-12 || total
-------------------------+-------+-------+-------+-------++-------
Melee: War axe           |    51 |   126 |   342 |   504 ||  1023
       Kick              |       |       |     4 |   137 ||   141
Throw: Dart              |     6 |    28 |    72 |    53 ||   159
Invok: Heroism           |       |       |     1 |     2 ||     3
Evoke: Wand              |       |       |     1 |     7 ||     8
  Use: Scroll            |       |     3 |     7 |       ||    10
       Potion            |       |       |     2 |     1 ||     3
 Stab: Confused          |       |       |       |     2 ||     2
  Eat: Chunk             |       |     6 |     9 |     3 ||    18
       Ration            |       |       |     1 |     3 ||     4
Armor: Scale mail        |    18 |    46 |    26 |   104 ||   194
       Chain mail        |       |       |   156 |   119 ||   275
Dodge: Dodged            |    17 |    32 |   122 |   238 ||   409
Block: Shield            |    26 |    58 |   229 |   417 ||   730

Vanquished Creatures
  Erolcha (D:10)
  The ghost of laxxamousse2 the Changer, a novice OpTm of Wu Jian (D:5)
  A troll (D:10)
  A queen bee (D:9)
  A hippogriff (D:7)
  Eustachio (D:6)
  A hungry ghost (D:10)
  An ice beast (D:6)
  7 orc warriors
  2 phantoms
  2 sky beasts (D:5)
  2 necrophages (D:10)
  4 ogres
  A black bear (D:9)
  3 centaurs
  5 big kobolds
  4 bullfrogs
  A wyvern zombie (D:9)
  4 scorpions
  36 killer bees
  A howler monkey (D:7)
  5 wights (D:7)
  2 crimson imps (D:6)
  5 hounds
  A quasit (D:5)
  A centaur zombie (D:8)
  9 orc wizards
  2 centaur skeletons
  A jelly (D:6)
  4 orc priests
  8 worker ants
  2 iguanas
  A hound skeleton (D:9)
  6 adders
  7 shadow imps
  An ooze (D:1)
  An adder skeleton (D:4)
  4 worms
  3 dart slugs
  5 leopard geckos
  60 orcs
  2 ball pythons
  5 giant cockroaches
  8 hobgoblins
  7 jackals
  4 quokkas
  6 bats
  7 frilled lizards
  12 goblins
  2 jackal skeletons
  29 kobolds
  A leopard gecko skeleton (D:7)
  5 rats
296 creatures vanquished.
